 Dungeon Crawl Stone Soup version 0.28-a0-1506-g3893175d92 (webtiles) character file.

Game seed: 8261056599176540824

5968 HallandMoats the Fighter (level 10, -9/91 HPs)
             Began as a Ghoul Fighter on Jan 14, 2022.
             Was a High Priest of Okawaru.
             Mangled by a gnoll sergeant (17 damage)
             ... in a bailey.
             The game lasted 00:16:16 (12568 turns).

HallandMoats the Fighter (Ghoul Fighter)           Turns: 12568, Time: 00:16:17

Health: -9/91      AC: 17    Str: 21      XL:     10   Next: 84%
Magic:  15/15      EV:  7    Int:  5      God:    Okawaru [*****.]
Gold:   412        SH:  5    Dex:  8 (10) Spells: 9/9 levels left

rFire   . . .      SeeInvis .   a - +0 war axe
rCold   + . .      Faith    .   c - +1 buckler
rNeg    + + +      Spirit   .   y - +0 plate armour
rPois   ∞          Reflect  .   (no helmet)
rElec   .          Harm     .   t - +0 cloak
rCorr   .          Rampage  .   (no gloves)
Will    .....                   (no boots)
Stlth   ..........              (no amulet)
HPRegen 0.00/turn               w - +4 ring of protection
MPRegen 0.14/turn               (no ring)

@: inhibited regen
A: claws 1, cold resistance 1, negative energy resistance 3, inhibited
regeneration, torment resistance 2
a: Renounce Religion, Heroism, Finesse, Duel


You were in a bailey.
You worshipped Okawaru.
Okawaru was extremely pleased with you.
You visited 1 branch of the dungeon, and saw 10 of its levels.
You also visited: Bailey.

You collected 412 gold pieces.

Inventory:

Hand Weapons
 a - a +0 war axe (weapon)
 b - a +0 demon whip of venom
 m - a +1 scimitar of flaming
Missiles
 p - 6 throwing nets (quivered)
Armour
 c - a +1 buckler (worn)
 o - a +0 pair of gloves
 t - a +0 cloak (worn)
 y - a +0 plate armour (worn)
Jewellery
 k - an amulet of faith
 w - a +4 ring of protection (left claw)
Wands
 d - a wand of paralysis (7)
 l - a wand of flame (14)
 s - a wand of iceblast (7)
Scrolls
 e - 2 scrolls of enchant weapon
 g - 2 scrolls of teleportation
 i - a scroll of fog
 n - a scroll of torment
 u - 3 scrolls of immolation
 v - 6 scrolls of identify
Potions
 h - a potion of curing


   Skills:
 * Level 9.2 Fighting
 * Level 7.3 Axes
 + Level 5.6 Armour
 + Level 4.7 Dodging
 - Level 4.3 Shields
 * Level 8.5 Invocations


You had 9 spell levels left.
You didn't know any spells.
Your spell library contained the following spells:

 Spells                   Type           Power      Damage    Failure   Level
 Pain                     Necr           0%         1d4       100%        1
 Ignite Poison            Fire/Tmut/Pois 0%         N/A       100%        3
 Mephitic Cloud           Conj/Pois/Air  0%         N/A       100%        3
 Vampiric Draining        Necr           0%         2d6       100%        3
 Freezing Cloud           Conj/Ice/Air   0%         6-21      100%        5
 Animate Skeleton         Necr           Unusable   N/A       N/A         1

Dungeon Overview and Level Annotations

Branches:
Dungeon (10/15)            Temple (0/1) D:6            Lair (0/6) D:8
    Orc (0/2) D:9          Bailey (1/1)

Altars:
Ashenzari
Cheibriados
Fedhas
Hepliaklqana
Kikubaaqudgha
Makhleb
Nemelex Xobeh
Okawaru
Ru
Sif Muna
Trog
Vehumet
Xom
Beogh

Annotations:
D:3 1 runed translucent door, Thraspic's ghost, weakling PaAK
D:9 1 runed translucent door, finalsalamander's ghost, novice NaWn
D:10 Harold


Innate Abilities, Weirdness & Mutations

You thrive by killing the living.
You are immune to poison.
You have sharp fingernails.
Your flesh is cold resistant. (rC+)
You are immune to negative energy. (rN+++)
You do not regenerate when monsters are visible.
You are immune to unholy pain and torment.


Message History

You kill the gnoll!
Okawaru accepts your kill.
You feel better.
Items here: )) [[ †.
You see here a wolf corpse.
There is an empty arch of ancient stone here.
There is a gate leading back out of this place here.
You start resting.
A gnoll sergeant comes into view. It is wielding a +0 glaive.
A gnoll sergeant is nearby!
The gnoll sergeant shouts!
Throw: 3 darts (datura)
Press: ? - help, Q - select action, (/) - cycle Shift-Dir - straight line, f - gnoll sergeant
Aim: a gnoll sergeant, wielding a +0 glaive and wearing +2 acid dragon scales (63% to hit, chance to frenzy on hit: 51%)
You throw a datura-tipped dart.
The datura-tipped dart hits the gnoll sergeant.
The gnoll sergeant resists.
Throw: 2 darts (datura)
Press: ? - help, Q - select action, (/) - cycle Shift-Dir - straight line, f/p - gnoll sergeant
Aim: a gnoll sergeant, wielding a +0 glaive and wearing +2 acid dragon scales (63% to hit, chance to frenzy on hit: 51%)
You throw a datura-tipped dart.
The datura-tipped dart closely misses the gnoll sergeant.
Throw: dart (datura)
Press: ? - help, Q - select action, (/) - cycle Shift-Dir - straight line, f/p - gnoll sergeant
Aim: a gnoll sergeant, wielding a +0 glaive and wearing +2 acid dragon scales (63% to hit, chance to frenzy on hit: 51%)
You throw a datura-tipped dart.
The datura-tipped dart hits the gnoll sergeant.
The gnoll sergeant resists.
The gnoll sergeant drinks a potion.
The gnoll sergeant goes berserk!
There is a gate leading back out of this place here.
The gnoll sergeant hits you but does no damage.
The gnoll sergeant hits you from afar with a +0 glaive!
The gnoll sergeant hits you with a +0 glaive!
* * * LOW HITPOINT WARNING * * *
The gnoll sergeant hits you with a +0 glaive!
* * * LOW HITPOINT WARNING * * *
You hit the gnoll sergeant but do no damage.
You block the gnoll sergeant's attack.
The gnoll sergeant hits you with a +0 glaive!
You die...

### ♣∩♣ ♣@♣ ♣♣g♣♣
♣♣.∩.♣♣♣♣
♣♣♣♣..†....♣♣
♣♣♣.....(.....♣♣
♣♣.....).).......
♣♣≈≈≈≈≈≈≈.(.≈≈≈≈≈≈
♣≈≈....)..(.......
♣≈.....)..........


You could see a gnoll sergeant (berserk).

Vanquished Creatures
  Erica (D:8)
  A two-headed ogre (D:9)
  Pikel (D:6)
  A troll (D:7)
  A wraith (D:9)
  Eustachio (D:6)
  Edmund (D:6)
  An acid dragon (D:8)
  A water moccasin (D:6)
  A hornet zombie (D:9)
  2 orc warriors
  A necrophage (D:6)
  2 sky beasts (D:5)
  A wolf (Bailey)
  4 centaurs
  2 lemures (D:5)
  2 kobold brigands (D:7)
  3 gnoll sergeants (Bailey)
  Blork the orc (D:5)
  3 bullfrogs
  4 scorpions
  7 wights
  2 howler monkeys (D:8)
  3 centaur zombies
  4 hounds
  6 orc priests
  5 gnoll shamans
  Natasha (thrice) (D:2)
  2 iguanas
  Ijyb (D:3)
  9 orc wizards
  A killer bee zombie (D:7)
  A hound zombie (D:3)
  2 hound skeletons
  3 howler monkey zombies
  21 gnolls
  6 adders
  A shadow imp (D:5)
  A white imp (D:6)
  An ufetubus (D:5)
  3 worms (D:3)
  2 dart slugs (D:3)
  26 orcs
  3 bats
  6 endoplasms
  4 giant cockroaches
  4 hobgoblins
  7 jackals (D:2)
  16 kobolds
  3 quokkas
  4 ball pythons
  3 frilled lizards
  3 goblins
  5 rats
203 creatures vanquished.

Vanquished Creatures (others)
  An orc wizard (D:8)
1 creature vanquished.

Grand Total: 204 creatures vanquished

Notes
Turn   | Place    | Note
-------+----------+-------------------------------------------
     0 | D:1      | HallandMoats the Ghoul Fighter began the quest for the Orb.
     0 | D:1      | Reached XP level 1. HP: 19/19 MP: 0/0
    17 | D:1      | Found a faded altar of an unknown god.
    44 | D:1      | Prayed at the altar of an unknown god.
    44 | D:1      | Became a worshipper of Warmaster Okawaru
    44 | D:1      | Reached * piety under Okawaru
   417 | D:1      | Reached XP level 2. HP: 25/26 MP: 1/1
   794 | D:2      | Reached skill level 1 in Invocations
   794 | D:2      | Reached XP level 3. HP: 30/31 MP: 2/2
   869 | D:2      | Noticed Natasha
   878 | D:2      | Killed Natasha
  1022 | D:2      | Noticed Natasha
  1023 | D:2      | Reached XP level 4. HP: 40/40 MP: 4/4
  1030 | D:2      | Killed Natasha
  1108 | D:2      | Noticed Natasha
  1116 | D:2      | Killed Natasha
  1117 | D:2      | Reached skill level 4 in Fighting
  1117 | D:2      | Reached skill level 1 in Dodging
  1257 | D:2      | Reached XP level 5. HP: 46/46 MP: 5/5
  2085 | D:3      | Found a runed translucent door.
  2095 | D:3      | Noticed Thraspic's ghost (weakling PaAK)
  2237 | D:3      | Noticed Ijyb
  2245 | D:3      | Killed Ijyb
  2306 | D:3      | Found a sacrificial altar of Ru.
  2324 | D:3      | Reached ** piety under Okawaru
  2683 | D:3      | Reached XP level 6. HP: 53/53 MP: 6/6
  3948 | D:4      | Found a burning altar of Makhleb.
  4372 | D:5      | Entered Level 5 of the Dungeon
  4555 | D:5      | Noticed Blork the orc
  4563 | D:5      | Killed Blork the orc
  4564 | D:5      | Reached XP level 7. HP: 39/60 MP: 5/8
  4707 | D:5      | Reached skill level 5 in Fighting
  4833 | D:5      | Reached *** piety under Okawaru
  5000 | D:5      | Found a bloodstained altar of Trog.
  5079 | D:5      | Found a shimmering altar of Xom.
  5169 | D:5      | Reached XP level 8. HP: 19/69 MP: 8/10
  6041 | D:6      | Reached skill level 6 in Fighting
  6065 | D:6      | Noticed Eustachio
  6085 | D:6      | Killed Eustachio
  6086 | D:6      | Reached skill level 5 in Invocations
  6355 | D:6      | Noticed Pikel
  6363 | D:6      | Killed Pikel
  6363 | D:6      | Reached **** piety under Okawaru
  6364 | D:6      | Reached skill level 5 in Axes
  6364 | D:6      | Reached XP level 9. HP: 70/78 MP: 10/12
  6407 | D:6      | Found a hazy altar of Hepliaklqana.
  6407 | D:6      | Found a shimmering blue altar of Sif Muna.
  6509 | D:6      | Noticed Edmund
  6532 | D:6      | Killed Edmund
  6533 | D:6      | Reached skill level 7 in Fighting
  6994 | D:6      | Found a staircase to the Ecumenical Temple.
  7380 | D:7      | Received a gift from Okawaru
  8119 | D:7      | Found a radiant altar of Vehumet.
  8771 | D:8      | Found a staircase to the Lair.
  8773 | D:8      | Noticed Erica
  8788 | D:8      | Killed Erica
  8789 | D:8      | Reached skill level 8 in Fighting
  8789 | D:8      | Reached skill level 5 in Armour
  8789 | D:8      | Reached XP level 10. HP: 25/88 MP: 11/14
 10118 | D:8      | Reached ***** piety under Okawaru
 10556 | D:9      | Found a staircase to the Orcish Mines.
 10857 | D:9      | Found a sparkling altar of Nemelex Xobeh.
 10857 | D:9      | Found an ancient bone altar of Kikubaaqudgha.
 10857 | D:9      | Found a blossoming altar of Fedhas.
 10861 | D:9      | Noticed a two-headed ogre
 10874 | D:9      | Killed a two-headed ogre
 11123 | D:9      | Found a runed translucent door.
 11126 | D:9      | Found a shimmering altar of Xom.
 11126 | D:9      | Noticed finalsalamander's ghost (novice NaWn)
 11126 | D:9      | Noticed a +0 broad axe of chaos
 11527 | D:9      | Reached skill level 9 in Fighting
 11593 | D:10     | Entered Level 10 of the Dungeon
 11629 | D:10     | Found a broken altar of Ashenzari.
 11641 | D:10     | Noticed Harold
 11696 | D:10     | Found a snail-covered altar of Cheibriados.
 11709 | D:10     | Found a flagged portal.
 11720 | Bailey   | Entered a bailey
 12345 | Bailey   | HP: 2/91 [gnoll sergeant (8)]
 12568 | Bailey   | Mangled by a gnoll sergeant

Illustrated notes

Levels and vault maps discovered:
D:1:      saegor_arrival_miasma, layout_rooms,
          ebering_ecumenical_altar_sacrificial, dk_noncrumbling_4,
          dk_noncrumbling_3, minmay_misc_feat_roman, grunt_decor_cap,
          minmay_cut_off
D:2:      layout_loops_corners, chequers_mini_garden, uniq_natasha
D:3:      layout_loops_ring, nicolae_ru_sacrificial_ziggurat,
          ebering_ghost_reflecting_pool, uniq_ijyb
D:4:      layout_layer_cave, mainiacjoe_overflow_alcove_2
D:5:      layout_rooms, trog_three_pillars_becter, brannock_xom_greatest_gift,
          uniq_blork_the_orc
D:6:      layout_basic, grunt_temple_overflow_open,
          minmay_temple_entry_stoned_glass, uniq_eustachio, uniq_edmund,
          uniq_pikel
D:7:      layout_layer_cave, nicolae_vehumet_altar_sigil, roderic_lattice_a
D:8:      layout_cave_pools, lair_entry_dummy, serial_rivers,
          chequers_serial_rivers_large_a, chequers_serial_rivers_micro_e,
          chequers_serial_rivers_small_b, chequers_serial_rivers_large_b,
          uniq_erica
D:9:      layout_irregular_city, gammafunk_temple_overflow_forgotten,
          minmay_orc_entry_temple_small, ebering_ghost_xom
D:10:     layout_gridville, mainiacjoe_overflow_paths,
          mainiacjoe_overflow_cross_hatched, enter_bailey_1, minivault_11,
          uniq_harold
Bailey:   bailey_polearm_gnolls_kennysheep, bailey

Skill      XL: |  1  2  3  4  5  6  7  8  9 10 |
---------------+-------------------------------+-----
Axes           | 2 3 5 6 7 |  7.3
Invocations    | 1 2 3 4 5 7 8 |  8.5
Shields        | 3 4 |  4.3
Fighting       | 4 5 6 8 9 |  9.2
Armour         | 3 4 5 |  5.6
Dodging        | 1 2 3 4 |  4.7

Action                   |  1- 3 |  4- 6 |  7- 9 | 10-12 || total
-------------------------+-------+-------+-------+-------++-------
Melee: War axe           |    59 |   200 |   129 |   169 ||   557
       Demon whip        |       |     6 |    90 |    98 ||   194
       Long sword        |       |       |   102 |       ||   102
       Flail             |       |       |    66 |       ||    66
Throw: Dart              |       |       |       |     3 ||     3
Invok: Heroism           |       |     2 |     4 |     4 ||    10
       Finesse           |       |       |       |     1 ||     1
  Use: Potion            |       |       |     2 |     5 ||     7
       Scroll            |       |       |    10 |     4 ||    14
Armor: Scale mail        |    27 |    97 |    66 |       ||   190
       Plate armour      |       |       |   270 |   270 ||   540
Dodge: Dodged            |    28 |   107 |   175 |   145 ||   455
Block: Buckler           |    14 |    43 |   123 |   111 ||   291

Table legend: (Time is in decaauts)
 A = Elapsed time spent in this place.
 B = Non-inter-level travel time spent in this place.
 C = Inter-level travel time spent in this place.
 D = Time resting spent in this place.
 E = Time spent auto-exploring this place.
 F = Levels seen in this place.
 G = Mean time per level.
                   A        B        C        D        E       F      G
               +--------+--------+--------+--------+--------+-----+--------+
         Total |  12826 |  12572 |    254 |   1807 |   8605 |  11 | 1166.0 |
       Dungeon |  11971 |  11717 |    254 |   1386 |   8404 |  10 | 1197.1 |
        Bailey |    855 |    855 |      0 |    421 |    201 |   1 |  855.0 |
               +--------+--------+--------+--------+--------+-----+--------+

Top non-repeatable levels by time:
     D:7: 2139 daAuts
     D:6: 1555 daAuts
     D:5: 1510 daAuts
     D:4: 1436 daAuts
     D:3: 1205 daAuts
     D:2: 1135 daAuts
     D:9: 1119 daAuts
     D:8: 1023 daAuts
  Bailey: 855 daAuts
     D:1: 713 daAuts
    D:10: 132 daAuts
